Map: Berlingrad LE

Players

Creator - Winner!

  • Race: Protoss Protoss

DPGDark (Dark)

  • Race: Zerg Zerg

Event: TSL 8

VOD

Have the link to the VOD?

Description

Time

  • Played on: Nov. 27, 2021, 10:32 a.m.
  • Length: 7:56

All games in this series

Show
View Real Time Build Order
Export as new Build Order

Creator Protoss - Winner!

Build Orders: 1 Gate Expand, Mass Adepts 

Get SALT Encoding   

  12  0:00  Probe  
  13  0:13  Pylon  
  13  0:17  Probe (Chrono Boost)  
  14  0:26  Probe (Chrono Boost)  
  15  0:31  Probe (Chrono Boost)  
  16  0:39  Gateway  
  16  0:44  Probe  
  16  0:48  Assimilator  
  17  0:56  Probe  
  18  1:08  Probe  
  19  1:20  Probe  
  19  1:23  Nexus  
  20  1:33  Cybernetics Core  
  20  1:37  Probe  
  21  1:43  Assimilator  
  21  1:49  Probe  
  21  1:52  Pylon  
  23  2:01  Probe  
  23  2:10  Adept, Warp Gate  
  23  2:13  Probe (Chrono Boost)  
  27  2:23  Twilight Council  
  27  2:24  Probe (Chrono Boost)  
  27  2:29  Probe (Chrono Boost)  
  27  2:33  Pylon  
  27  2:35  Probe (Chrono Boost)  
  29  2:40  Probe (Chrono Boost)  
  31  2:46  Probe (Chrono Boost)  
  31  2:47  Probe (Chrono Boost)  
  31  2:50  Stalker  
  31  2:51  Probe (Chrono Boost)  
  34  2:55  Probe  
  34  2:57  Robotics Facility  
  36  3:02  Probe  
  37  3:10  Probe  
  38  3:15  Probe  
  38  3:16  Resonating Glaives (Chrono Boost)  
  39  3:20  Gateway  
  39  3:22  Adept  
  39  3:23  Probe  
  42  3:27  Probe  
  42  3:33  Gateway  
  43  3:36  Gateway  
  43  3:41  Pylon  
  43  3:46  Warp Prism  
  45  3:54  Probe  
  46  4:02  Adept, Gateway x2  
  48  4:07  Probe  
  48  4:09  Pylon  
  49  4:10  Pylon  
  49  4:12  Assimilator, Probe  
  49  4:16  Adept  
  52  4:22  Pylon  
  52  4:23  Observer  
  53  4:37  Adept x4  
  61  4:41  Pylon  
  61  4:42  Pylon  
  61  4:58  Adept x6  
  73  5:04  Pylon  
  73  5:21  Adept  
  73  5:22  Adept x5  
  83  5:37  Adept x3  
  83  5:42  Adept x3  
  91  6:01  Adept x3  
  81  6:15  Adept x3  
  85  6:24  Warp Prism (Chrono Boost)  
  85  6:25  Adept x3  
  81  6:32  Probe x2  
  75  6:39  Adept x3  
  81  6:46  Adept x3  
  75  7:15  Adept x6  
  76  7:25  Dark Shrine  
  76  7:29  Nexus  
  72  7:36  Probe x2  
  74  7:37  Adept x3  
Show
View Real Time Build Order
Export as new Build Order

DPGDark Zerg 

Build Orders: Hatch First 

Get SALT Encoding   

  12  0:00  Drone  
  13  0:11  Overlord  
  13  0:16  Drone  
  14  0:30  Drone x2  
  16  0:39  Drone  
  17  0:49  Drone  
  18  0:55  Hatchery  
  17  0:58  Drone  
  17  1:02  Extractor  
  17  1:12  Spawning Pool  
  17  1:15  Drone  
  17  1:19  Drone  
  18  1:28  Drone  
  19  1:38  Drone  
  20  1:49  Drone  
  21  2:02  Drone  
  21  2:03  Metabolic Boost  
  21  2:07  Queen x2  
  26  2:08  Zergling x2  
  26  2:13  Overlord  
  27  2:19  Drone  
  28  2:31  Drone  
  28  2:32  Drone x2  
  31  2:42  Zergling x2  
  32  2:48  Queen x2  
  36  2:53  Hatchery  
  35  3:02  Overlord  
  35  3:06  Drone  
  35  3:12  Evolution Chamber  
  35  3:13  Spore Crawler  
  35  3:17  Overlord  
  35  3:19  Overlord  
  36  3:20  Drone x4  
  36  3:22  Drone  
  36  3:24  Drone  
  42  3:32  Roach Warren  
  42  3:33  Drone  
  42  3:38  Drone  
  43  3:46  Drone x2  
  45  3:49  Extractor  
  45  3:54  Drone  
  45  3:58  Overlord  
  45  3:59  Drone x5  
  50  4:11  Roach  
  50  4:12  Roach x2  
  50  4:14  Spore Crawler  
  50  4:15  Zergling x2  
  56  4:18  Zergling x2  
  57  4:26  Zergling x4  
  57  4:29  Zergling x14  
  66  4:35  Zergling x4  
  68  4:39  Spore Crawler  
  68  4:42  Spore Crawler  
  68  4:43  Ravager x3  
  69  4:46  Zergling x10  
  69  4:50  Overlord  
  74  4:54  Overlord  
  74  4:57  Overlord  
  74  5:00  Lair  
  74  5:07  Overlord  
  74  5:09  Drone x3  
  74  5:10  Drone  
  74  5:14  Roach  
  80  5:20  Roach x3  
  86  5:29  Roach  
  86  5:30  Roach x2  
  86  5:32  Zergling x2  
  86  5:33  Zergling x4  
  95  5:36  Roach  
  97  5:48  Zergling x12  
  97  5:49  Overlord  
  101  6:03  Roach x3  
  92  6:08  Zergling x12, Roach  
  92  6:09  Roach  
  92  6:10  Roach  
  84  6:14  Roach  
  84  6:16  Roach  
  73  6:26  Zergling x6  
  69  6:37  Zergling x2  
  69  6:38  Zergling x4  
  65  6:40  Zergling x2  
  65  6:46  Roach  
  66  6:51  Zergling x4  
  68  6:58  Roach  
  68  6:59  Roach  
  68  7:03  Roach  
  61  7:08  Zergling x2  
  61  7:09  Zergling x2  
  61  7:13  Zergling x2  
  61  7:22  Zergling x6  
  60  7:24  Zergling x2  
Tags
 
Add a new tag
Caveats
  • Supply blocks, unpowered buildings, or Contaminate may cause inaccurate times.
  • Supply counts are checked every 10 seconds.